 Dungeon Crawl Stone Soup version 0.24.0-123-gd5b16e6ec5 (webtiles) character file.

Game seed: 13727226722555741270, levelgen mode: deterministic

12 vurker the Digger (level 2, -2/18 HPs)
             Began as an Octopode Earth Elementalist on Dec 30, 2019.
             Killed by nerve-wracking pain
             ... invoked by Jessica
              (3 damage)
             ... on level 2 of the Dungeon.
             The game lasted 00:01:03 (850 turns).

vurker the Digger (Octopode Earth Elementalist)      Turns: 850, Time: 00:01:04

Health: -2/18      AC:  1    Str:  7    XL:     2   Next: 33%
Magic:  0/5        EV: 13    Int: 17    God:
Gold:   36         SH:  0    Dex: 12    Spells: 4/5 levels left

rFire    . . .     SeeInvis .   h - +0 dagger
rCold    . . .     Gourm    .   (no shield)
rNeg     . . .     Faith    .   (helmet restricted)
rPois    .         Spirit   .   (no amulet)
rElec    .         Reflect  .   g - ring of flight
rCorr    .         Harm     .   (no ring)
MR       .....                  (no ring)
Stlth    +++.......             (no ring)
HPRegen  0.06/turn              (no ring)
MPRegen  0.09/turn              (no ring)
                                (no ring)
                                (no ring)

@: no status effects
A: almost no armour, stealthy swim, amphibious, 8 rings, constrict 8, camouflage
1, gelatinous body 1
a: Evoke Flight


You were on level 2 of the Dungeon.
You were not hungry.

You visited 1 branch of the dungeon, and saw 2 of its levels.

You collected 36 gold pieces.

Inventory:

Hand Weapons
 h - a +0 dagger (weapon)
   (You took it off a goblin on level 1 of the Dungeon)
Missiles
 b - 28 stones (quivered)
Jewellery
 g - a ring of flight (left tentacle)
   (You found it on level 1 of the Dungeon)
Scrolls
 d - a scroll of random uselessness {unknown}
 i - a scroll of teleportation {unknown}
Potions
 a - 3 potions of lignification {unknown}
 c - a potion of heal wounds {unknown}
 j - a potion of haste {unknown}
Comestibles
 e - 3 rations
 f - a chunk of flesh


   Skills:
 + Level 0.5 Fighting
 - Level 2.0 Dodging
 - Level 2.6 Stealth
 * Level 2.3 Spellcasting
   Level 1.0 Transmutations
 * Level 3.3 Earth Magic


You had 4 spell levels left.
You knew the following spells:

 Your Spells              Type           Power        Failure   Level  Hunger
a - Sandblast             Erth           ##....       4%          1    #......

Your spell library contained the following spells:

 Spells                   Type           Power        Failure   Level  Hunger
 Passwall                 Tmut/Erth      #.......     12%         2    ###....
 Stone Arrow              Conj/Erth      #.....       28%         3    ###....
 Petrify                  Tmut/Erth      #.......     61%         4    #####..
 Lee's Rapid Deconstruct  Erth           ##........   80%         5    ######.


Dungeon Overview and Level Annotations

Branches:
Dungeon (2/15)

Altars:

Annotations:
D:2 Jessica


Innate Abilities, Weirdness & Mutations

You cannot wear most types of armour.
You are very stealthy in the water. (Stealth+)
You are amphibious.
You can wear up to eight rings at the same time.
You can use your tentacles to constrict eight enemies at once.
Your skin changes colour to match your surroundings (Stealth+).
Your rubbery body absorbs attacks. (AC +1, EV +1)


Message History

Jessica blinks!
Jessica moves out of view.
You can't see any susceptible monsters within range! (Use Z to cast anyway.)
You can't see any susceptible monsters within range! (Use Z to cast anyway.) Unknown command.
You can't see any susceptible monsters within range! (Use Z to cast anyway.)
You can't see any susceptible monsters within range! (Use Z to cast anyway.)
Found a glowing dagger.
Found a stone staircase leading down.
Aim: a leopard gecko (clinging, hasn't noticed you)
The blast of sand misses the leopard gecko.
b - 32 stones The leopard gecko hisses angrily.
The leopard gecko barely misses you.
Aim: a leopard gecko (clinging)
The blast of sand hits the leopard gecko!
You kill the leopard gecko!
b - 31 stones Jessica points at you and mumbles some strange words.
Pain shoots through your body!
Aim: Jessica, wielding a +0 dagger and wearing a cursed +0 robe The blast of sand misses Jessica.
b - 30 stones
Aim: Jessica, wielding a +0 dagger and wearing a cursed +0 robe The blast of sand hits Jessica.
b - 29 stones Jessica hits you with a +0 dagger.
* * * LOW HITPOINT WARNING * * *
Aim: Jessica, wielding a +0 dagger and wearing a cursed +0 robe (lightly wounded)
The blast of sand hits Jessica but does no damage.
b - 28 stones Jessica closely misses you.
You don't have enough magic to cast that spell.
Jessica hits you but does no damage.
Found a scroll labeled JETINU AMOZ.
You hit Jessica. Your grab misses Jessica.
Jessica gestures at you while chanting. Pain shoots through your body!
* * * LOW HITPOINT WARNING * * *
Unknown command.
You barely miss Jessica. You grab Jessica.
You constrict Jessica, but do no damage.
Jessica closely misses you.
You barely miss Jessica.
You constrict Jessica, but do no damage.
Jessica hits you with a +0 dagger.
* * * LOW HITPOINT WARNING * * *
You hit Jessica.
You constrict Jessica, but do no damage.
Jessica points at you and mumbles some strange words.
Pain shoots through your body!
You die...

# # ...........
#..>.....)# #
......... #
###..?....# #
.........# #
#......# #
#.#...## #
#.@@...# #
#......# ##
###.....# .#
#...#.#....
.###
#.###.#...#
...## ###.....#
#.# ##..#
##....##.# .#
##.# ####....##
.# .
###.###......##


You could see Jessica.

Vanquished Creatures
  A leopard gecko (D:2)
  A bat (D:1)
  A giant cockroach (D:1)
  2 goblins (D:1)
  2 jackals (D:1)
  3 rats (D:1)
10 creatures vanquished.

Notes
Turn   | Place    | Note
-------+----------+-------------------------------------------
     0 | D:1      | vurker the Octopode Earth Elementalist began the quest for
                  | the Orb.
     0 | D:1      | Reached XP level 1. HP: 11/11 MP: 3/3
   322 | D:1      | Reached XP level 2. HP: 12/18 MP: 5/5
   837 | D:2      | Noticed Jessica
   850 | D:2      | Killed from afar by Jessica

Levels and vault maps discovered:
D:1:      dpeg_arrival_water_temple_mockup, layout_basic, serial_forest,
          infiniplex_forest_end_3, infiniplex_forest_clump_medium,
          infiniplex_forest_end_2, infiniplex_forest_end_1,
          infiniplex_forest_side_room, infiniplex_forest_zigzag_1,
          infiniplex_forest_clump_small, infiniplex_forest_straight_3,
          infiniplex_forest_lined_3
D:2:      layout_rooms, minmay_vboxes, uniq_robin, uniq_jessica, uniq_sigmund

Action                   || total
-------------------------++-------
Melee: Unarmed           ||     4
       Constrict         ||     5
       Dagger            ||     9
       Tentacles         ||     2
 Cast: Sandblast         ||     9
 Stab: Sleeping          ||     3
Armor: Skin              ||     4
Dodge: Dodged            ||     6
